 Dungeon Sprint DCSS version 0.19.1 (webtiles) character file.

18795 equalderp2856 the Eviscerator (level 12, -4/56 HPs)
             Began as a Felid Fighter on Dec 3, 2016.
             Was the Champion of Lugonu.
             Blown up by an orb spider (38 damage)
             ... with an orb of destruction
             ... in the Dungeon (Sprint IX: "|||||||||||||||||||||||||||||").
             The game lasted 00:13:26 (6283 turns).

equalderp2856 the Eviscerator (Felid Fighter)       Turns: 6283, Time: 00:13:27

Health: -4/56      AC:  5    Str: 17    XL:     12   Next: 30%
Magic:  0/15       EV: 33    Int: 11    God:    Lugonu [******]
Gold:   1565       SH:  0    Dex: 17    Spells: 0 memorised, 11 levels left
                                        Lives:  0   Deaths: 3

rFire  . . .     SeeInvis +       - Unarmed
rCold  + . .     Gourm    .     (armour unavailable)
rNeg   . . .     Faith    .     (shield unavailable)
rPois  .         Spirit   +     (helmet unavailable)
rElec  .         Reflect  .     (cloak unavailable)
rCorr  .         Harm     .     (gloves unavailable)
MR     +....     NoTele   +     (boots unavailable)
Stlth  ++++++....               t - amulet of guardian spirit
                                m - +3 ring of strength
                                n - +2 ring of protection

@: very slightly contaminated, quick
A: no armour, no weapons or thrown items, stealth, claws 1, fangs 3, see
invisible, carnivore 3, speed 1, shaggy fur 3, slow metabolism 1, sharp paws
a: Bend Space, Banish, Corrupt, Renounce Religion


You were in the Dungeon.
You worshipped Lugonu.
Lugonu was exalted by your worship.
You were full.

You visited 1 branch You collected 1925 gold pieces.
You spent 360 gold pieces at shops.

Inventory:

Hand Weapons
 w - a +0 broad axe
Armour
 x - a +0 chain mail
Jewellery
 m - a +3 ring of strength (right paw)
 n - a +2 ring of protection (left paw)
 t - an amulet of guardian spirit (around neck)
 y - an uncursed ring of protection from fire
 z - an uncursed ring of protection from magic
 A - a +3 amulet of reflection
 B - an uncursed ring of poison resistance
Wands
 l - a wand of lightning (0/15)
 u - a wand of hasting (3/9)
Scrolls
 h - a scroll of blinking
 j - 6 scrolls of remove curse
 k - 2 scrolls of amnesia
 p - 2 scrolls of fog
 q - a scroll of recharging
 r - a scroll of identify
 s - a scroll of fear
Potions
 a - 3 potions of might
 c - 4 potions of curing
 e - a potion of haste
 f - 4 potions of magic
 i - a potion of invisibility
 o - 2 potions of brilliance
 v - a potion of lignification {unknown}
 C - a potion of cure mutation
Comestibles
 b - 12 meat rations


   Skills:
 + Level 8.8 Fighting
 + Level 18.5 Dodging
 + Level 14.2 Stealth
 + Level 25.3 Unarmed Combat
 + Level 3.2 Evocations


You had 11 spell levels left.
You didn't know any spells.

Dungeon Overview and Level Annotations

Branches:
Dungeon (1/1)

Altars:
Cheibriados
Dithmenos
Elyvilon
Fedhas
Gozag
Hepliaklqana
Kikubaaqudgha
Makhleb
Nemelex Xobeh
Okawaru
Qazlal
Ru
Sif Muna
Trog
Uskayaw
Vehumet
Xom
Yredelemnul
Zin
The Shining One
Beogh
Jiyva
Lugonu

Shops:
D %}%*


Innate Abilities, Weirdness & Mutations

You cannot wear armour.
You are incapable of wielding weapons or throwing items.
Your paws allow you to move quietly. (Stealth)
You have sharp claws.
You have razor-sharp teeth.
You have supernaturally acute eyesight. (SInv)
You are carnivorous and can eat meat at any time.
You cover ground quickly.
Your thick and shaggy fur keeps you warm. (AC +3, rC+)
You have a slow metabolism.
Your sharp claws are effective at attacking unaware monsters.


Message History

Unknown command.
The orb of destruction hits you!
Ouch! That really hurt!
The orb spider pulsates with a strange energy.
The orb spider weaves a glowing orb of energy.
An orb of destruction comes into view.
Evoke which item? (* to show all) (? for menu, Esc to quit)
Okay, then.
Okay, then.
Okay, then.
Okay, then.
Blink to where?
Press: ? - help, Dir - move target cursor You are very lightly contaminated with residual magic.
As you read the scroll of blinking, it crumbles to dust.
Things that are here:
a long sword; a leather armour; a shield You feel better.
The orb of destruction hits you!
Ouch! That really hurt!
You die...

▓▓▓▓▓▓▓▓▓▓▓▓▓▓▓▓▓▓▓▓▓▓▓▓▓▓▓▓♣♣♣♣♣
.)..............@§§§§§§§§§§§.*§§§
▓▓▓▓▓▓▓▓▓▓▓▓▓▓▓▓▓▓▓▓▓▓▓▓▓▓▓▓▓▓▓▓▓
(...'.(([..........('..........[[
▓▓▓▓▓▓▓▓▓▓▓▓▓▓▓▓▓▓▓▓▓▓▓▓▓▓▓▓▓▓▓▓▓
..).......)).........).).........
▓▓▓▓▓▓▓▓▓▓▓▓▓▓▓▓▓▓▓▓▓▓▓▓▓▓▓▓▓▓▓▓▓
)..)')...)∩.∩.∩.∩....)'........[.
▓▓▓▓▓▓▓▓▓▓▓▓▓▓▓▓▓▓▓▓▓▓▓▓▓▓▓▓▓▓▓▓▓
).))..)..........................


There were no monsters in sight!

Vanquished Creatures
  2 stone giants (D)
  An entropy weaver (D)
  A spark wasp (D)
  A great orb of eyes (D)
  A hydra (D)
  A tengu warrior (D)
  A vampire mage (D)
  13 orc high priests (D)
  A shock serpent (shapeshifter) (D)
  A mana viper (shapeshifter) (D)
  8 orc knights (D)
  A deep elf mage (D)
  An orc sorcerer (D)
  A cyclops (D)
  Joseph (D)
  A torpor snail (D)
  A gargoyle (D)
  4 spiny frogs (D)
  A kobold demonologist (D)
  A demonic crawler (D)
  A komodo dragon (D)
  A jumping spider (D)
  A troll (D)
  A hornet (D)
  2 hippogriffs (D)
  A vampire (D)
  A redback (D)
  Eustachio (D)
  3 yaks (D)
  Grum (D)
  2 hungry ghosts (D)
  A basilisk (D)
  3 wargs (D)
  A water moccasin (D)
  4 orc warriors (D)
  A black bear (shapeshifter) (D)
  2 ogres (D)
  A centaur (D)
  8 wolves (D)
  A boggart (D)
  4 crocodiles (D)
  3 bullfrogs (D)
  2 crimson imps (D)
  A quasit (D)
  An orc priest (D)
  2 orc wizards (D)
  A worker ant (D)
  An adder (D)
  A leopard gecko (D)
  10 orcs (D)
  A bat skeleton (D)
  A giant cockroach (D)
  2 hobgoblins (D)
  A jackal (D)
  A frilled lizard (D)
  A rat (D)
113 creatures vanquished.

Notes
Turn   | Place    | Note
-------+----------+-------------------------------------------
     0 | D        | equalderp2856 the Felid Fighter began the quest for the Orb.
     0 | D        | Reached XP level 1. HP: 10/10 MP: 2/2
    14 | D        | Reached skill level 5 in Unarmed Combat
   206 | D        | Noticed a worker ant
   206 | D        | Noticed a quasit
   206 | D        | Noticed an ogre
   217 | D        | Killed an ogre
   217 | D        | Reached skill level 1 in Stealth
   217 | D        | Reached skill level 7 in Unarmed Combat
   217 | D        | Reached XP level 2. HP: 15/15 MP: 3/3
   217 | D        | Reached XP level 3. HP: 18/18 MP: 4/4
   217 | D        | Reached XP level 4. HP: 22/22 MP: 5/5
   225 | D        | Reached skill level 8 in Unarmed Combat
   229 | D        | Reached skill level 5 in Fighting
   229 | D        | Reached skill level 9 in Unarmed Combat
   229 | D        | Reached XP level 5. HP: 17/26 MP: 6/6
   343 | D        | Found a roughly hewn altar of Beogh.
   343 | D        | Found a snail-covered altar of Cheibriados.
   343 | D        | Found a shadowy altar of Dithmenos.
   343 | D        | Found a white marble altar of Elyvilon.
   343 | D        | Found a blossoming altar of Fedhas.
   343 | D        | Found an opulent altar of Gozag.
   344 | D        | Found a hazy altar of Hepliaklqana.
   345 | D        | Found a viscous altar of Jiyva.
   346 | D        | Found an ancient bone altar of Kikubaaqudgha.
   347 | D        | Found a corrupted altar of Lugonu.
   348 | D        | Found a burning altar of Makhleb.
   349 | D        | Found a sparkling altar of Nemelex Xobeh.
   350 | D        | Found an iron altar of Okawaru.
   351 | D        | Found a stormy altar of Qazlal.
   352 | D        | Found a sacrificial altar of Ru.
   353 | D        | Found a deep blue altar of Sif Muna.
   354 | D        | Found a bloodstained altar of Trog.
   355 | D        | Became a worshipper of Lugonu the Unformed
   355 | D        | Reached * piety under Lugonu
   356 | D        | Found a hide-covered altar of Uskayaw.
   357 | D        | Found a radiant altar of Vehumet.
   358 | D        | Found a shimmering altar of Xom.
   359 | D        | Found a basalt altar of Yredelemnul.
   360 | D        | Found a glowing silver altar of Zin.
   361 | D        | Found a glowing golden altar of the Shining One.
   386 | D        | Noticed an ogre
   386 | D        | Noticed a gargoyle
   386 | D        | Noticed a hungry ghost
   401 | D        | Killed a hungry ghost
   401 | D        | Reached skill level 10 in Unarmed Combat
   401 | D        | Gained mutation: You are covered in thick fur. (AC +2) [Felid growth]
   401 | D        | Reached XP level 6. HP: 29/31 MP: 7/7
   409 | D        | Reached ** piety under Lugonu
   409 | D        | Reached skill level 11 in Unarmed Combat
   418 | D        | Slain by a gargoyle
   419 | D        | Reached XP level 5. HP: -1/27 MP: 6/6
   432 | D        | Noticed a centaur
   432 | D        | Noticed a hungry ghost
   432 | D        | Noticed a kobold demonologist
   435 | D        | Killed a centaur
   438 | D        | Reached skill level 12 in Unarmed Combat
   438 | D        | Reached XP level 6. HP: 31/31 MP: 7/7
   439 | D        | Reached *** piety under Lugonu
   441 | D        | Noticed a ynoxinul
   445 | D        | Noticed a hellwing
   448 | D        | Reached skill level 10 in Dodging
   452 | D        | Noticed a sun demon
   607 | D        | Killed a hungry ghost
   654 | D        | Killed a kobold demonologist
   654 | D        | Reached skill level 13 in Unarmed Combat
   654 | D        | Reached XP level 7. HP: 28/35 MP: 8/8
   793 | D        | Reached **** piety under Lugonu
   800 | D        | Killed a gargoyle
   800 | D        | Reached skill level 14 in Unarmed Combat
   800 | D        | Reached XP level 8. HP: 40/40 MP: 9/9
   966 | D        | Noticed a komodo dragon
   966 | D        | Noticed a spiny frog
   972 | D        | Killed a spiny frog
   972 | D        | Reached skill level 15 in Unarmed Combat
  1147 | D        | Reached ***** piety under Lugonu
  1152 | D        | Killed a komodo dragon
  1152 | D        | Reached skill level 16 in Unarmed Combat
  1152 | D        | Reached XP level 9. HP: 43/43 MP: 10/10
  1176 | D        | Reached skill level 5 in Stealth
  1305 | D        | Noticed a spiny frog
  1305 | D        | Noticed a torpor snail
  1306 | D        | Noticed a spiny frog
  1307 | D        | Reached skill level 17 in Unarmed Combat
  1308 | D        | Noticed a spiny frog
  1317 | D        | Killed a torpor snail
  1317 | D        | Reached ****** piety under Lugonu
  1470 | D        | Killed a spiny frog
  1500 | D        | Killed a spiny frog
  1500 | D        | Reached skill level 18 in Unarmed Combat
  1508 | D        | Killed a spiny frog
  1508 | D        | Reached XP level 10. HP: 30/47 MP: 11/11
  1823 | D        | Noticed Joseph
  1832 | D        | Killed Joseph
  1832 | D        | Reached skill level 19 in Unarmed Combat
  1994 | D        | Noticed an orc sorcerer
  2006 | D        | Noticed an orc high priest
  2012 | D        | Killed an orc sorcerer
  2013 | D        | Reached skill level 15 in Dodging
  2205 | D        | Killed an orc high priest
  2358 | D        | Noticed an orc knight
  2358 | D        | Noticed an orc knight
  2358 | D        | Noticed an orc knight
  2358 | D        | Noticed an orc high priest
  2359 | D        | Noticed an orc knight
  2368 | D        | Killed an orc high priest
  2368 | D        | Reached skill level 20 in Unarmed Combat
  2711 | D        | Killed an orc knight
  2760 | D        | Killed an orc knight
  2760 | D        | Reached XP level 11. HP: 51/51 MP: 12/12
  2770 | D        | Slain by an orc knight
  2771 | D        | Reached XP level 10. HP: -4/48 MP: 11/11
  2824 | D        | Noticed a cyclops
  2824 | D        | Noticed a vampire mage
  2824 | D        | Noticed a stone giant
  2824 | D        | Noticed a stone giant
  2824 | D        | Noticed a great orb of eyes
  2827 | D        | Noticed a shock serpent
  2827 | D        | a cyclops changed into a shock serpent
  2830 | D        | Killed a shock serpent
  2840 | D        | Killed a stone giant
  2840 | D        | Reached skill level 10 in Stealth
  2840 | D        | Reached skill level 21 in Unarmed Combat
  2846 | D        | Killed a stone giant
  2847 | D        | Noticed a tengu warrior
  2854 | D        | Killed a vampire mage
  2855 | D        | Noticed a deep elf mage
  2861 | D        | Killed a great orb of eyes
  2861 | D        | Reached XP level 11. HP: 17/51 MP: 9/12
  3055 | D        | Reached skill level 22 in Unarmed Combat
  3106 | D        | Killed a tengu warrior
  3156 | D        | Noticed an eight-headed hydra
  3164 | D        | Killed a deep elf mage
  3356 | D        | HP: 1/51 [eight-headed hydra (17)]
  3356 | D        | Mangled by an eight-headed hydra
  3357 | D        | Reached XP level 10. HP: -12/48 MP: 11/11
  3372 | D        | Noticed Eustachio
  3379 | D        | Killed Eustachio
  3388 | D        | Noticed Grum
  3399 | D        | Killed Grum
  3441 | D        | Found Ynoeten's Food Shop.
  3441 | D        | Noticed an orc high priest
  3441 | D        | Noticed an orc knight
  3441 | D        | Noticed an orc knight
  3441 | D        | Noticed an orc high priest
  3441 | D        | Noticed an orc high priest
  3442 | D        | Noticed an orc high priest
  3447 | D        | Killed an orc high priest
  3451 | D        | Killed an orc knight
  3452 | D        | Found Feh Yhis's Gadget Boutique.
  3452 | D        | Noticed an orc high priest
  3454 | D        | HP: 2/48 [orc knight/great mace (18)]
  3455 | D        | Noticed a soul eater
  3751 | D        | Killed an orc knight
  3900 | D        | Killed an orc high priest
  3900 | D        | Reached skill level 23 in Unarmed Combat
  3920 | D        | Killed an orc high priest
  3920 | D        | Reached XP level 11. HP: 51/51 MP: 12/12
  3922 | D        | Noticed a sun demon
  3926 | D        | Killed an orc high priest
  3932 | D        | Found Haank's Food Shop.
  3933 | D        | Noticed an orc high priest
  3937 | D        | Killed an orc high priest
  4016 | D        | Killed an orc high priest
  4027 | D        | Noticed an orc high priest
  4032 | D        | Killed an orc high priest
  4044 | D        | Noticed an orc high priest
  4048 | D        | Killed an orc high priest
  4070 | D        | Found Teysea's General Store.
  4074 | D        | Noticed an orc knight
  4075 | D        | Noticed an orc high priest
  4076 | D        | Noticed an orc high priest
  4094 | D        | Killed an orc knight
  4094 | D        | Reached skill level 24 in Unarmed Combat
  4360 | D        | Killed an orc high priest
  4360 | D        | Reached skill level 1 in Evocations
  4432 | D        | Killed an orc high priest
  4452 | D        | Noticed an orc high priest
  4462 | D        | Killed an orc high priest
  4496 | D        | Killed an orc knight
  4509 | D        | Noticed an orc knight
  4525 | D        | Killed an orc knight
  4531 | D        | Killed an orc knight
  4990 | D        | Bought an uncursed amulet of guardian spirit for 360 gold pieces
  5516 | D        | Noticed a mana viper
  5534 | D        | Killed a mana viper
  5534 | D        | Gained mutation: Your thick and shaggy fur keeps you warm. (AC +3, rC+) [Felid growth]
  5534 | D        | Reached XP level 12. HP: 56/56 MP: 14/14
  5556 | D        | Killed an eight-headed hydra
  5572 | D        | Noticed a ghost moth
  5572 | D        | Noticed an entropy weaver
  5575 | D        | Noticed a spark wasp
  5596 | D        | Reached skill level 25 in Unarmed Combat
  5961 | D        | Killed an entropy weaver
  6227 | D        | Killed a spark wasp
  6283 | D        | Blown up by an orb spider

Skill      XL: |  1  2  3  4  5  6  7  8  9 10 11 12 |
---------------+-------------------------------------+-----
Unarmed Combat | 7 9 12 13 14 16 18 23 24 25 | 25.3
Fighting       | 4 5 6 7 8 |  8.8
Dodging        | 6 7 9 11 13 14 17 18 | 18.5
Stealth        | 1 3 4 7 11 13 14 | 14.2
Evocations     | 2 3 |  3.2

Action                   |  1- 3 |  4- 6 |  7- 9 | 10-12 || total
-------------------------+-------+-------+-------+-------++-------
Melee: Unarmed           |    19 |    80 |    78 |   315 ||   492
       Punch             |       |     1 |     5 |    34 ||    40
       Bite              |       |     2 |    15 |    50 ||    67
Evoke: Wand              |       |       |       |     7 ||     7
  Use: Potion            |       |       |       |    11 ||    11
       Scroll            |       |       |       |     2 ||     2
 Stab: Sleeping          |       |       |     3 |     1 ||     4
       Distracted        |       |       |       |     8 ||     8
  Eat: Chunk             |       |       |       |     9 ||     9
       Meat ration       |       |       |       |     1 ||     1
Armor: Skin              |       |    10 |     2 |     4 ||    16
Dodge: Dodged            |    11 |    85 |    55 |   218 ||   369
